 Dungeon Crawl Stone Soup version 0.15.0-25-gd84c1e8 (webtiles) character file.

417 MackTheKnife the Covert (level 6, 0/30 HPs)
             Began as a Vine Stalker Assassin on Sept 9, 2014.
             Killed from afar by an orc wizard (5 damage)
             ... with a puff of flame
             ... on Level 4 of the Dungeon.
             The game lasted 00:09:53 (3558 turns).

MackTheKnife the Covert (Vine Stalker Assassin)     Turns: 3558, Time: 00:09:54

HP   0/30        AC  5     Str 20      XL: 6   Next: 93%
MP   0/8         EV 11     Int 13      God:
Gold 198         SH  0     Dex 15      Spells:  0 memorised,  5 levels left

rFire  . . .     SeeInvis .     a - +2 dagger
rCold  . . .     Clarity  .     c - +0 robe
rNeg   . . .     rCorr    .     (no shield)
rPois  .         rRot     +     u - +0 helmet
rElec  .         Spirit   +     d - +0 cloak
SustAb .         Warding  .     (no gloves)
rMut   .         Stasis   .     j - +0 pair of boots
Gourm  .                        (no amulet)
MR     .....                    q - ring of stealth
                                k - +6 ring of strength

@: not resistant to hostile enchantments, quite stealthy
A: fangs 2, regeneration 2, magic shield, antimagic bite, no device heal 3, rot
immunity
a: no special abilities


You were on level 4 of the Dungeon.
You were not hungry.

You visited 1 branch of the dungeon, and saw 4 of its levels.

You collected 198 gold pieces.


Innate Abilities, Weirdness & Mutations

You have extremely sharp teeth.
You heal very quickly.
When hurt, damage is shared between your health and your magic reserves.
Your bite disrupts and absorbs the magic of your enemies.
Potions and wands cannot restore your health.
You are immune to rotting.


   Skills:
 - Level 1.7 Fighting
 + Level 4.7 Short Blades
 - Level 1.7 Throwing
 - Level 0.7 Dodging
 + Level 8.0 Stealth


You had 5 spell levels left.
You didn't know any spells.

Inventory:

Hand weapons
 a - a +2 dagger (weapon)
 b - a +0 blowgun
 h - a cursed -1 dagger
Missiles
 e - 4 poisoned needles
 r - a curare-tipped needle
Armour
 c - a +0 robe (worn)
 d - a +0 cloak (worn)
 j - a +0 pair of boots (worn)
 u - a +0 helmet (worn)
Comestibles
 g - 2 bread rations
 o - 3 meat rations
 v - a beef jerky
 x - a chunk of quokka flesh {@*1}
Scrolls
 i - a scroll of magic mapping {unknown}
 m - 2 scrolls of identify
 n - 3 scrolls of remove curse
 s - 2 scrolls of fog {unknown}
 w - a scroll of immolation {unknown}
Jewellery
 k - a +6 ring of strength (left hand)
 q - a ring of stealth (right hand)
 t - an uncursed ring of fire
Potions
 f - a potion of flight {unknown}
 l - 2 potions of might {unknown}
 p - a potion of agility {unknown}

+········▒·▒▒ ▒▒▒▒▒
▒········▒··+ ·····o
▒········+··▒
·····o▒▒▒▒+▒▒▒▒▒▒▒▒▒·▒▒▒·▒▒
·····ooo······▒▒▒▒▒▒▒·▒▒▒·▒▒
▒·%·····+····▒·······+
+·······▒····'······▒▒
▒·······▒····▒······▒▒
▒····f··▒▒▒▒'▒▒·▒▒▒+▒▒
▒▒▒▒▒▒▒········▒·▒▒···▒
▒·····'········▒··▒····
+·····▒········+··+····
▒▒▒▒▒▒▒········▒▒+▒····
▒···▒+▒▒▒·······▒▒▒
+···▒···+·······▒··
▒···'···▒·······+··
▒+▒▒▒▒▒▒+▒···▒▒··▒▒+▒····▒··


You could see an orc priest, an orc wizard and 3 orcs.


Message History

You open the door.
There is an open door here.
You open the door.
There is an open door here.
A kobold comes into view.
The kobold shouts!
A kobold is nearby!
A kobold is nearby!
A kobold is nearby!
A kobold is nearby!
A kobold is nearby!
An orc and an orc wizard come into view.
An orc priest comes into view. 2 orcs come into view.
The kobold hits you but does no damage.
You hit the kobold.
You kill the kobold!
The orc priest calls down the wrath of Beogh upon you.
Something smites you!
The orc priest suddenly jeers.
You see here a kobold corpse.
The orc priest mumbles some strange prayers to Beogh against you.
Pain shoots through your body!
* * * LOW HITPOINT WARNING * * *
The orc priest invokes the aid of Beogh against you.
Something smites you!
* * * LOW HITPOINT WARNING * * *
The orc wizard gestures at you while chanting.
The puff of flame hits you!
You die...

Action                   |  1- 3 |  4- 6 || total
-------------------------+-------+-------++-------
Melee: Dagger            |    70 |   133 ||   203
 Fire: Blowgun           |    11 |    50 ||    61
  Use: Scroll            |       |     2 ||     2
 Stab: Sleeping          |    10 |    15 ||    25
       Distracted        |     1 |     1 ||     2
  Eat: Chunk             |     1 |     7 ||     8

Vault maps used:
D:1:      saegor_arrival_simple_b
D:3:      lemuel_round_altar
D:4:      uniq_blork_the_orc

Notes
Turn   | Place    | Note
--------------------------------------------------------------
     0 | D:1      | MackTheKnife, the Vine Stalker Assassin, began the quest for the Orb.
     0 | D:1      | Reached XP level 1. HP: 11/11 MP: 1/1
   206 | D:1      | Reached skill level 2 in Short Blades
   206 | D:1      | Reached skill level 5 in Stealth
   266 | D:1      | Reached XP level 2. HP: 9/15 MP: 3/3
  1000 | D:1      | Reached XP level 3. HP: 13/18 MP: 2/4
  1318 | D:2      | Reached skill level 6 in Stealth
  1318 | D:2      | Reached XP level 4. HP: 16/23 MP: 3/5
  1362 | D:2      | Reached skill level 3 in Short Blades
  1592 | D:2      | Reached XP level 5. HP: 26/26 MP: 7/7
  2041 | D:2      | Reached skill level 4 in Short Blades
  2178 | D:2      | Reached skill level 7 in Stealth
  2178 | D:2      | Gained mutation: You heal very quickly. [vine stalker growth]
  2178 | D:2      | Reached XP level 6. HP: 25/30 MP: 8/8
  2786 | D:3      | Found a glowing golden altar of the Shining One.
  3471 | D:4      | Reached skill level 8 in Stealth
  3558 | D:4      | Killed from afar by an orc wizard

Vanquished Creatures
  An orc priest (D:3)
  A hound (D:3)
  A jelly (D:2)
  A giant frog skeleton (D:4)
  A worker ant (D:4)
  12 gnolls
  4 adders
  2 giant mites
  2 worms
  A giant gecko (D:4)
  2 oozes
  3 orcs (D:3)
  2 giant cockroaches
  8 goblins
  9 hobgoblins
  7 jackals
  2 quokkas
  4 ball pythons
  9 bats
  9 giant newts
  8 kobolds
  11 rats
100 creatures vanquished.
